 Dungeon Crawl Stone Soup version 0.25-a0-420-g1cc7eeb0d1 (webtiles) character file.

Game seed: 16668065706293522023, levelgen mode: deterministic

22 ChaosChampion the Magician (level 2, -4/19 HPs)
             Began as a Demonspawn Wizard on Jan 18, 2020.
             Killed from afar by a dart slug (6 damage)
             ... with a slug dart
             ... on level 1 of the Dungeon.
             The game lasted 00:02:55 (829 turns).

ChaosChampion the Magician (Demonspawn Wizard)       Turns: 829, Time: 00:02:56

Health: -4/19      AC:  2    Str:  7    XL:     2   Next: 68%
Magic:  0/6        EV: 12    Int: 19    God:
Gold:   11         SH:  0    Dex:  9    Spells: 6/7 levels left

rFire    . . .     SeeInvis +   (no weapon)
rCold    . . .     Gourm    .   (no shield)
rNeg     . . .     Faith    .   a - +0 robe
rPois    .         Spirit   .   b - +0 hat
rElec    .         Reflect  .   (no cloak)
rCorr    .         Harm     .   (no gloves)
MR       .....                  (no boots)
Stlth    ++........             (no amulet)
HPRegen  0.06/turn              (no ring)
MPRegen  0.10/turn              (no ring)

@: no status effects
A: see invisible, clumsy 1, spiny 1
a: no special abilities


You were on level 1 of the Dungeon.
You were not hungry.

You visited 1 branch of the dungeon, and saw 1 of its levels.

You collected 11 gold pieces.

Inventory:

Hand Weapons
 g - a +1 spear of flaming
Armour
 a - a +0 robe (worn)
 b - a +0 hat (worn)
 e - a +0 leather armour
Comestibles
 d - a ration


   Skills:
 - Level 1.7 Dodging
 - Level 1.7 Stealth
 + Level 3.4 Spellcasting
 + Level 2.0 Conjurations
   Level 1.0 Summonings
   Level 0.8 Translocations


You had 6 spell levels left.
You knew the following spells:

 Your Spells              Type           Power        Failure   Level  Hunger
a - Magic Dart            Conj           ##..         6%          1    None

Your spell library contained the following spells:

 Spells                   Type           Power        Failure   Level  Hunger
 Call Imp                 Summ           #.......     14%         2    ##.....
 Blink                    Tloc           N/A          16%         2    ##.....
 Slow                     Hex            #.......     22%         2    ##.....
 Conjure Flame            Conj/Fire      #.......     28%         3    ###....
 Mephitic Cloud           Conj/Pois/Air  #.......     32%         3    ###....


Dungeon Overview and Level Annotations

Branches:
Dungeon (1/15)

Altars:


Innate Abilities, Weirdness & Mutations

You are partially covered in sharp spines.
You have supernaturally acute eyesight. (SInv)
You are clumsy. (Dex -2)


Message History

Confirm with . or Enter, or press ? or * to list all spells.
Aiming: Magic Dart (safe; 6% risk of failure)
Press: ? - help, Shift-Dir - straight line, f/p - dart slug
Aim: a dart slug (heavily wounded)
The magic dart hits the dart slug.
The dart slug is almost dead.
You are too injured to fight recklessly!
Really attack unarmed? [Y]es or [N]o only, please.
Really attack unarmed?
You hit the dart slug but do no damage.
The dart slug is almost dead.
The dart slug bites you but does no damage.
You hit the dart slug but do no damage.
The dart slug is almost dead.
You hit the dart slug but do no damage.
The dart slug is almost dead.
The dart slug launches a dart at you. The slug dart hits you.
You die...

.#.######..#####
...#...##...# .#
.###.#.##.#.## .#
.# #r#.##.#..# .#
.# #.#.##.##.## .#
.# #.#.##.##..# g#
.# #.#.##+###.###
.# ..
#.#..........####.#
##
#.#.......>.w@....#
#.#..........######
#.#...........#
#.#.#########...
#.#.# .### ## #.#.#
.# . #.#.# .#
####w# r....#


You could see a dart slug.

Vanquished Creatures
  2 oozes (D:1)
  A dart slug (D:1)
  A leopard gecko (D:1)
  A bat (D:1)
  2 hobgoblins (D:1)
  2 ball pythons (D:1)
  A frilled lizard (D:1)
  A kobold (D:1)
  A rat (D:1)
12 creatures vanquished.

Notes
Turn   | Place    | Note
-------+----------+-------------------------------------------
     0 | D:1      | ChaosChampion the Demonspawn Wizard began the quest for the
                  | Orb.
     0 | D:1      | Reached XP level 1. HP: 13/13 MP: 4/4
   637 | D:1      | Gained mutation: You are partially covered in sharp spines.
                  | [demonic ancestry]
   637 | D:1      | Reached XP level 2. HP: 10/19 MP: 0/6
   822 | D:1      | Gained mutation: You are clumsy. (Dex -2) [potion of
                  | mutation]
   822 | D:1      | Gained mutation: You have supernaturally acute eyesight.
                  | (SInv) [potion of mutation]
   829 | D:1      | Killed from afar by a dart slug

Levels and vault maps discovered:
D:1:      ebering_trefoil_twist, layout_basic, minmay_circled_x

Skill      XL: |  1  2 |
---------------+-------+-----
Conjurations   | 2 |  2.0
Dodging        | |  1.7
Stealth        | |  1.7
Spellcasting   | |  3.4
Summonings     | |  1.0
Translocations | |  0.8

Action                   || total
-------------------------++-------
Melee: Unarmed           ||    10
 Cast: Magic Dart        ||    40
  Use: Scroll            ||     1
       Potion            ||     1
Armor: Robe              ||     9
Dodge: Dodged            ||    22

Table legend:
 A = Non-vault XP
 B = Vault XP
 C = Vault XP percentage of total XP
 D = Non-vault monster count
 E = Vault monster count
 F = Vault count percentage of total count
                 A         B        C        D         E       F
            +---------+---------+-------+---------+---------+-------
      Total |      28 |       4 |  12.5 |       9 |       3 |  25.0
            +---------+---------+-------+---------+---------+-------
        D:1 |      28 |       4 |  12.5 |       9 |       3 |  25.0
            +---------+---------+-------+---------+---------+-------
